 Dungeon Crawl Stone Soup version 0.18.1-8-gdd0e5ea (webtiles) character file.

46 m0ast the Ruffian (level 3, -1/31 HPs)
             Began as a Ghoul Monk on May 24, 2016.
             Slain by an adder (5 damage)
             ... on level 2 of the Dungeon.
             The game lasted 00:04:48 (1757 turns).

m0ast the Ruffian (Ghoul Monk)                      Turns: 1757, Time: 00:04:48

Health: -1/31      AC:  3    Str: 14    XL:     3   Next: 68%
Magic:  2/2        EV: 13    Int:  5    God:
Gold:   52         SH:  0    Dex: 12    Spells: 0 memorised, 2 levels left

rFire  . . .     SeeInvis .       - Unarmed
rCold  + . .     Gourm    .     a - +0 robe
rNeg   + + +     Faith    .     (no shield)
rPois  ∞         Spirit   .     (no helmet)
rElec  .         Dismiss  .     (no cloak)
rCorr  .         Reflect  .     (no gloves)
SustAt .         Harm     .     l - +0 pair of boots
MR     .....                    (no amulet)
Stlth  ++........               (no ring)
                                (no ring)

@: rotting, not resistant to hostile enchantments, unstealthy
A: rotting body, claws 1, carnivore 3, cold resistance 1, negative energy
resistance 3, slow regeneration 1, torment resistance, unbreathing
a: no special abilities


You were on level 2 of the Dungeon.
You were not hungry.

You visited 1 branch of the dungeon, and saw 2 of its levels.

You collected 52 gold pieces.

Inventory:

Armour
 a - a +0 robe (worn)
 h - a +0 leather armour of cold resistance
 l - a +0 pair of boots (worn)
Jewellery
 o - an uncursed ring of sustain attributes {unknown}
Scrolls
 c - a scroll of fog {unknown}
 e - 2 scrolls of random uselessness {unknown}
 g - 2 scrolls of identify {unknown}
 j - a scroll of magic mapping {unknown}
 m - a scroll of enchant armour {unknown}
 n - 2 scrolls of remove curse {unknown}
Potions
 d - a potion of beneficial mutation {unknown}
 i - a potion of cure mutation {unknown}
 k - a potion of curing {unknown}
Comestibles
 b - 5 meat rations
 f - a beef jerky


   Skills:
 + Level 3.6 Fighting
 + Level 3.0 Dodging
 + Level 2.7 Stealth
 * Level 5.0 Unarmed Combat


You had 2 spell levels left.
You didn't know any spells.

Dungeon Overview and Level Annotations

Branches:
Dungeon (2/15)

Altars:


Innate Abilities, Weirdness & Mutations

Your body is rotting away.
You thrive on raw meat.
You are immune to poison.
You have sharp fingernails.
You are carnivorous and can eat meat at any time.
Your flesh is cold resistant.
You are immune to negative energy.
You regenerate slowly when monsters are visible.
You are immune to unholy pain and torment.
You can survive without breathing.


Message History

The adder is heavily wounded.
The adder bites you.
* * * LOW HITPOINT WARNING * * *
You scratch the adder but do no damage.
The adder is heavily wounded.
The adder closely misses you.
You closely miss the adder.
The adder is heavily wounded.
The adder barely misses you. The adder bites you.
* * * LOW HITPOINT WARNING * * *
You barely miss the adder.
The adder is heavily wounded.
The adder closely misses you.
You scratch the adder.
The adder is almost dead.
The adder closely misses you.
You closely miss the adder.
The adder is almost dead.
The adder bites you.
You die...

# ############# ##.##
#.......#....
#####...######.#####.#.##.
#.......S@.....#####.#.##.
#.###...#########.......#.
#.# #.............##.#..#.
#.# #..########...##.#..#.
#.###..###>.....#.......#.
#.............#...##.##.#.
#..##...##.##.#......##.#.
#..##.#.##.##...........##
#..##<#.##.##..)..........


You could see an adder.

Vanquished Creatures
  A worm (D:2)
  4 dart slugs
  A giant gecko (D:1)
  5 giant cockroaches (D:1)
  5 goblins
  4 hobgoblins (D:2)
  4 bats
  5 kobolds (D:1)
  3 rats
32 creatures vanquished.

Notes
Turn   | Place    | Note
--------------------------------------------------------------
     0 | D:1      | m0ast the Ghoul Monk began the quest for the Orb.
     0 | D:1      | Reached XP level 1. HP: 19/19 MP: 0/0
   128 | D:1      | Reached XP level 2. HP: 26/26 MP: 1/1
   824 | D:1      | Reached XP level 3. HP: 20/31 MP: 2/2
  1217 | D:2      | Reached skill level 5 in Unarmed Combat
  1757 | D:2      | Slain by an adder

Skill      XL: |  1  2  3 |
---------------+----------+-----
Unarmed Combat | 5 |  5.0
Dodging        | 3 |  3.0
Fighting       | |  3.6
Stealth        | |  2.7

Action                   || total
-------------------------++-------
Melee: Unarmed           ||   104
       Punch             ||     2
 Stab: Sleeping          ||     5
  Eat: Chunk             ||    11
Armor: Robe              ||    21
Dodge: Dodged            ||    58
